AoeStats
← tapaswithtitus

African Clearing

506105402Analyzed
4v4 RM · 19d ago on Sep 12, 2026· 76m 20s· 8 players
Game mode
Random Map
Map size
Large (8 player)
Population
200
Speed
Normal
Resources
Standard
Victory
Conquest
Starting age
Dark Age
Ending age
Imperial Age
RankedLock teamsTeams togetherTeam positionsShared explorationLock speedFull tech treeHidden civsTurbo modeCheats
Victory
Defeat
🇨🇳 Malay · China
1109
+15
🇨🇳 Huns · China
1038
+18
🇧🇷 Romans · Brazil
1030
+17
🇦🇷 Celts · Argentina
1029
+18
🇯🇵 Huns · Japan
1093
-18
🇹🇼 Jurchens · Taiwan
1081
-17
🇩🇪 Mapuche · Germany
1068
-17
🇨🇳 Poles · China
1054
-16
JeanBlaice
3:15 Loom
15:38 Feudal Age
19:17 Castle Age
17:36 Town Watch
20:27 Fletching
20:27 Double-Bit Axe
29:16 Horse Collar
31:15 Murder Holes
46:53 Gold Mining
47:08 Heavy Plow
49:10 Ballistics
49:15 Bow Saw
48:59 Stone Mining
50:06 Gold Shaft Mining
50:36 Wheelbarrow
52:27 Stone Shaft Mining
53:23 Forging
53:14 Padded Archer Armor
53:14 Scale Mail Armor
53:10 Bodkin Arrow
57:11 Imperial Age
55:29 Hand Cart
55:56 Leather Archer Armor
57:15 Malon
58:59 Conscription
58:47 Butalmapu
60:02 Iron Casting
59:58 Ring Archer Armor
59:43 Chain Mail Armor
61:09 Chemistry
60:20 Masonry
60:18 Elite Bolas Rider
62:05 Crop Rotation
62:54 Blast Furnace
62:02 Elite Kona
65:42 Hoardings
65:56 Elite Skirmisher
70:33 Siege Engineers
70:59 Architecture
一直嬉皮笑臉
6:28 Loom
14:17 Feudal Age
20:21 Castle Age
19:06 Gold Mining
20:08 Wheelbarrow
27:09 Double-Bit Axe
29:32 Horse Collar
31:14 Padded Archer Armor
32:37 Bow Saw
33:15 Fletching
33:41 Leather Archer Armor
34:15 Pikeman
34:56 Squires
39:12 Imperial Age
37:16 Squires
38:30 Bodkin Arrow
38:37 Scale Mail Armor
38:48 Forging
39:15 Halberdier
47:51 Guilds
50:29 Two-Man Saw
53:10 Husbandry
53:20 Bloodlines
55:53 Bloodlines
56:13 Conscription
57:15 Hand Cart
58:10 Gold Shaft Mining
61:37 Elite Steppe Lancer
65:07 Iron Casting
64:38 Scale Barding Armor
67:06 Blast Furnace
67:15 Light Cavalry
68:00 Hussar
71:37 Chain Barding Armor
pacoyyds
18:56 Feudal Age
19:00 Loom
19:51 Horse Collar
19:57 Double-Bit Axe
30:50 Castle Age
30:40 Stone Mining
33:05 Heavy Plow
33:17 Bow Saw
34:49 Fortified Wall
34:20 Treadmill Crane
34:51 Masonry
35:39 Stone Shaft Mining
35:48 Wheelbarrow
39:50 Imperial Age
39:10 Hand Cart
39:21 Light Cavalry
40:17 Bloodlines
40:08 Husbandry
40:42 Fervor
40:57 Lechitic Legacy
40:37 Town Watch
41:24 Crop Rotation
41:09 Forging
41:04 Scale Barding Armor
42:53 Conscription
42:38 Town Patrol
45:12 Iron Casting
44:58 Chain Barding Armor
44:46 Gold Mining
44:48 Winged Hussar
47:54 Blast Furnace
50:00 Murder Holes
50:26 Ballistics
51:06 Chemistry
49:58 Fletching
50:09 Padded Archer Armor
52:19 Hoardings
52:19 Bodkin Arrow
52:39 Leather Archer Armor
52:47 Crossbowman
53:36 Thumb Ring
53:19 Arbalester
55:04 Bracer
LWwcnm
13:30 Feudal Age
14:24 Horse Collar
18:37 Bloodlines
23:12 Castle Age
21:12 Double-Bit Axe
23:17 Light Cavalry
24:23 Loom
25:12 Husbandry
27:55 Fletching
28:33 Padded Archer Armor
28:31 Town Watch
29:52 Bodkin Arrow
30:12 Leather Archer Armor
31:08 Wheelbarrow
31:28 Bow Saw
32:29 Hand Cart
34:03 Heavy Plow
35:54 Ballistics
42:54 Imperial Age
42:14 Marauders
42:27 Scale Barding Armor
42:58 Gold Mining
42:59 Stone Mining
44:40 Chemistry
44:02 Conscription
44:22 Parthian Tactics
45:17 Marauders
46:04 Gold Shaft Mining
48:00 Elite Tarkan
49:30 Bracer
49:51 Chain Barding Armor
50:41 Forging
53:52 Iron Casting
54:45 Plate Barding Armor
CapitaoPlaneta
3:50 Loom
15:19 Feudal Age
15:42 Man-at-Arms
16:58 Double-Bit Axe
19:31 Scale Mail Armor
19:41 Forging
21:44 Castle Age
19:50 Gold Mining
21:10 Stone Mining
21:21 Fletching
25:54 Town Watch
29:22 Bow Saw
33:12 Scale Barding Armor
34:44 Horse Collar
37:42 Heavy Plow
38:23 Wheelbarrow
39:28 Gold Shaft Mining
40:35 Long Swordsman
40:35 Pikeman
41:16 Squires
41:57 Hand Cart
43:03 Chain Mail Armor
43:25 Iron Casting
46:51 Imperial Age
47:02 Imperial Age
46:30 Ballistics
46:07 Bodkin Arrow
46:12 Padded Archer Armor
46:33 Chain Barding Armor
46:20 Ballistas
48:47 Blast Furnace
48:09 Conscription
47:45 Halberdier
50:29 Chemistry
49:25 Murder Holes
50:16 Siege Engineers
55:15 Legionary
57:07 Crop Rotation
57:16 Elite Skirmisher
58:12 Leather Archer Armor
58:10 Masonry
62:50 Ring Archer Armor
66:14 Heavy Scorpion
66:17 Onager
66:18 Capped Ram
69:43 Caravan
74:55 Comitatenses
77:03 Plate Barding Armor
77:01 Architecture
Producto.Machete
tapaswithtitus
10:44 Loom
15:42 Feudal Age
16:41 Double-Bit Axe
23:49 Castle Age
23:20 Fishing Lines
24:19 Scale Barding Armor
26:14 Horse Collar
28:00 Husbandry
28:58 Bow Saw
34:12 Thalassocracy
36:57 Wheelbarrow
37:54 Heavy Plow
38:53 Hand Cart
39:06 Forging
45:43 Imperial Age
43:36 Gillnets
44:23 Thumb Ring
43:38 Crossbowman
45:40 Town Watch
45:30 Arbalester
47:12 Conscription
46:54 Forced Levy
46:22 Man-at-Arms
47:02 Squires
46:48 Arson
47:41 Iron Casting
47:10 Padded Archer Armor
47:00 Fletching
48:24 Chemistry
47:44 Ballistics
47:26 Long Swordsman
48:07 Two-Handed Swordsman
49:14 Siege Engineers
49:21 Masonry
50:31 Blast Furnace
49:46 Leather Archer Armor
50:20 Murder Holes
50:24 Bodkin Arrow
50:44 Leather Archer Armor
50:06 Pikeman
50:55 Halberdier
57:15 Crop Rotation
61:19 Guard Tower
61:50 Bombard Tower
64:12 Elite Karambit Warrior
65:07 Town Patrol
67:25 Ring Archer Armor
66:55 Bracer
69:37 Keep
68:59 Elite Skirmisher
72:20 Treadmill Crane
76561198443206480
11:02 Loom
16:25 Feudal Age
22:06 Castle Age
21:01 Double-Bit Axe
23:20 Fletching
25:16 Thumb Ring
32:22 Padded Archer Armor
33:46 Ballistics
36:22 Bloodlines
37:39 Bodkin Arrow
37:59 Leather Archer Armor
39:43 Scale Barding Armor
41:07 Husbandry
44:26 Wheelbarrow
45:01 Bow Saw
44:35 Horse Collar
46:32 Chain Barding Armor
46:50 Hand Cart
46:51 Heavy Plow
49:45 Imperial Age
48:24 Forging
49:14 Gold Mining
49:15 Stone Mining
50:46 Iron Casting
51:37 Chemistry
51:29 Gold Shaft Mining
50:34 Elite Tarkan
52:13 Plate Barding Armor
51:47 Town Watch
52:33 Bracer
52:57 Heavy Cavalry Archer
54:22 Conscription
56:21 Marauders
57:16 Town Patrol
64:11 Parthian Tactics
Connection lost

Rejoining the realm…

Still unreachable

The connection could not be restored.

Session expired

The server has moved on; the page needs a fresh start.